Unix NetHack Version 5.0.0-0 post-release - last build Jul 11 2026 15:18:16 (a5a7a23833b1ad5d30b1c6e96a93a978492a6348,branch:main).

Game began 2026-07-12 15:02:44, ended 2026-07-12 15:32:08.

Atrocia, neutral female gnomish Healer

        ----  ---  ---
       --.|.---.-- |.-----------------------   ----
       |.....|...--|.).))...-..............    ...|
       |...........|).)-).......#.....-..-     ...|
         -............^......{........|..|     ...-
         --.....|.........#.....--.......|    ....|
          |....----.............|.....|..|----....-------- - |
          |.....| --.-......--|-|.......-|.@.................|
          --.)..-- |.|......|...|-+......---|.------------ - -
           |-....| --|..+...|!((|................|
          --.....|   ----...|(((|..-----..{...|......-.
       -- |......--     ....|---|  |](.|......--+-   |
     ---..........--    ....|      |((.-.............-
     |..........<....- ---..|      |(].|..--|--- -
     |........|......|   |..|      -----..|...|
     --....|..--.---.|   +..-          ...|?([|
      --..---.  ..   |   |..          ....|%(*|
       |..  -----.       |...       ......|----
       ---       ..      --..      --------
                 -.-      ----
                  --
Atrocia the Empiric          St:11 Dx:11 Co:15 In:8 Wi:17 Ch:17  Neutral
Dlvl:6  $:1671 HP:0(39) Pw:39(50) AC:2  Xp:5 T:3194  Burdened Blind

Latest messages:
 The door resists!
 The door resists!
 The door resists!
 The door resists!
 The door resists!
 The door opens.
 "Hello, Atrocia!  Welcome to Nieb's hardware store!"
 Gregory bites the gnome.
 The gnome is killed!
 You swap places with Gregory.
 The door resists!
 The door opens.
 "Hello, Atrocia!  Welcome to Holmavik's general store!"
 The dog bites!
 The dog bites!
 The dog bites!
 You hit the dog.
 The dog bites!
 You hit the dog.
 The dog bites!
 You hear crashing rock.
 You feel strong!
 You must have been exercising diligently.
 You feel agile!
 You must have been working on your reflexes.
 Gregory misses the yellow light.
 You hear crashing rock.
 You see here a candle.
 You hear some noises in the distance.
 You have a little trouble lifting p - a candle.
 The dog bites!
 The dog misses!
 You miss the dog.
 The dog bites!
 The dog bites!
 You hear the chime of a cash register.
 You miss the dog.
 The dog bites!
 You miss the dog.
 The dog bites!
 The dog bites!
 You miss the dog.
 The yellow light explodes!
 You are blinded by a blast of light!
 It bites!
 You hit it.
 It misses!
 It bites!
 You die...
 Do you want your possessions identified? [ynq] (y) q

Inventory:
 Coins    ('$')
  $ - 1671 gold pieces
 Weapons  (')')
  l - 8 blessed +0 darts
  y - a +1 dart
  t - a +0 dart
  v - a blessed +0 elven dagger (weapon in right hand)
  a - a +0 scalpel
  W - a blessed +1 quarterstaff
 Armor    ('[')
  F - a blessed +0 orcish helm
  q - an uncursed +0 orcish helm (being worn)
  b - an uncursed +1 pair of leather gloves (being worn)
  k - a cursed +0 cloak of magic resistance
  w - an uncursed +0 elven mithril-coat (being worn)
 Comestibles  ('%')
  j - 4 uncursed apples
  z - a cursed food ration
 Scrolls  ('?')
  G - an uncursed scroll of confuse monster
  T - a cursed scroll of enchant armor
  N - a cursed scroll of magic mapping
  K - an uncursed scroll of scare monster
  V - a cursed scroll of teleportation
 Spellbooks  ('+')
  O - an uncursed spellbook of confuse monster
  S - a cursed spellbook of force bolt
 Potions  ('!')
  P - a cursed potion of booze
  H - a cursed potion of confusion
  D - a cursed potion of enlightenment
  e - 3 uncursed potions of extra healing
  A - a cursed potion of gain ability
  M - an uncursed potion of hallucination
  d - 5 uncursed potions of healing
  I - a cursed potion of healing
  R - a cursed potion of monster detection
  o - an uncursed potion of oil
  x - 2 cursed potions of oil
  X - a cursed potion of restore ability
  L - a cursed potion of sickness
  J - a cursed potion of speed
  Q - a potion of unholy water
 Rings    ('=')
  Z - a cursed +3 ring of increase damage
  Y - an uncursed ring of stealth
 Wands    ('/')
  u - a wand of cancellation (0:6)
  g - a cursed wand of light (0:15)
  f - a wand of sleep (0:5)
  U - a cursed wand of speed monster (0:7)
 Tools    ('(')
  s - an uncursed oil lamp (lit)
  c - an uncursed stethoscope
  p - an uncursed tallow candle
 Gems/Stones  ('*')
  h - an uncursed jet stone
  n - a cursed worthless piece of orange glass
  i - an uncursed worthless piece of red glass
  B - an uncursed worthless piece of violet glass
  C - an uncursed worthless piece of white glass
  r - a cursed worthless piece of white glass
  E - an uncursed worthless piece of yellow glass
  m - an uncursed touchstone

Atrocia the Healer's attributes:

Background:
 You were an Empiric, a level 5 female gnomish Healer.
 You were neutral, on a mission for Hermes
 who was opposed by Athena (lawful) and Poseidon (chaotic).
 You were right-handed.
 You were in the Gnomish Mines, on level 6.
 You entered the dungeon 3194 turns ago.
 You had 175 experience points, 145 more were needed to attain level 6.

Basics:
 You had 0 out of 39 hit points.
 You had 39 out of 50 energy points (spell power).
 Your armor class was 2.
 Your wallet contained 1671 zorkmids.
 Autopickup was on for '$"?+!=/' plus thrown.

Final Characteristics:
 Your strength was 11 (limit:18/50).
 Your dexterity was 11 (limit:18).
 Your constitution was 15 (limit:18).
 Your intelligence was 8 (limit:19).
 Your wisdom was 17 (limit:18).
 Your charisma was 17 (limit:18).

Final Status:
 You were temporarily blind.
 You weren't hungry.
 You were burdened; movement was slightly slowed.
 You were wielding a dagger.
 You had basic skill with dagger.

Final Attributes:
 You were piously aligned.
 You were poison resistant.
 You had infravision.
 You aggravated monsters.
 You were guarded.
 Your spell casting was impaired by metallic armor.
 You were very unlucky.
 You are dead.

Miscellaneous:
 You encountered 2 bones levels.
 Total elapsed playing time was 29 minutes and 24 seconds.

Major events:
 Turn
    1: Atrocia the neutral female gnomish Healer entered the dungeon
 1446: entered the Gnomish Mines
 1462: attained the rank of Empiric (level 3)
 2969: reached Mine Town
 3194: killed by a dog

Spells:
 Name                 Level Category     Fail Retention
 healing                1   healing       69%   81%-90%
 extra healing          3   healing       77%   81%-90%
 stone to flesh         3   healing       99%   81%-90%

Skills:
 Fighting Skills
   bare handed combat [Unskilled]
 Weapon Skills
   dagger             [Basic]
   knife              [Basic]
   short sword        [Unskilled]
   saber              [Unskilled]
   club               [Unskilled]
   mace               [Unskilled]
   quarterstaff       [Unskilled]
   polearms           [Unskilled]
   spear              [Unskilled]
   trident            [Unskilled]
   sling              [Unskilled]
   dart               [Unskilled]
   shuriken           [Unskilled]
   unicorn horn       [Unskilled]
 Spellcasting Skills
   healing spells     [Basic]

Voluntary challenges:
 Character rerolling was not enabled.
 You never genocided any monsters.
 You never polymorphed an object.
 You never changed form.
 You used no wishes.
Achievements:
 You entered a shop.
 You entered the Gnomish Mines.
 You attained the rank of Empiric.
 You entered Minetown.

 The Dungeons of Doom: levels 1 to 4
    Level 1:
    Level 2:
       A potion shop, a fountain.
    Level 3:
       An altar to Hermes, a fountain.
       Stairs down to The Gnomish Mines.
    Level 4:
 The Gnomish Mines: levels 4 to 6
    Level 4:
       A grave.
       Final resting place for
          TheLocehiliosan-Wiz-Hum-Fem-Neu, killed by a large kobold.
    Level 5:
    Level 6: <- You were here.
       Some shops, some fountains, a grave, some trees.
       Final resting place for
          you, killed by a dog,
          BATTLEMODE-Wiz-Elf-Fem-Cha, killed by a dwarf.


Vanquished creatures:
  a ghost
  a yellow light
  a kobold leader
  2 orc zombies
  4 iguanas
 an acid blob
  2 coyotes
  2 hobbits
  a large kobold
  a hobgoblin
  2 giant rats
  3 gnomes
  a garter snake
  2 gnome zombies
  a gecko
 10 jackals
  4 kobolds
  6 goblins
  2 sewer rats
  6 grid bugs
  a lichen
  6 newts
60 creatures vanquished.

No species were genocided or became extinct.

Game over:
                       ----------
                      /          \
                     /    REST    \
                    /      IN      \
                   /     PEACE      \
                  /                  \
                  |     Atrocia      |
                  |     1671 Au      |
                  | killed by a dog  |
                  |                  |
                  |                  |
                  |                  |
                  |       2026       |
                 *|     *  *  *      | *
        _________)/\\_//(\/(/\)/\//\/|_)_______

Goodbye Atrocia the Healer...

You died in The Gnomish Mines on dungeon level 6 with 1254 points,
and 1671 pieces of gold, after 3194 moves.
You were level 5 with a maximum of 39 hit points when you died.

